 Dungeon Crawl Stone Soup version 0.28.0-45-g0d030f2227 (webtiles) character file.

Game seed: 10894149323707385867

491927 McKennaii the Ruinous (level 23, -10/171 HPs)
             Began as a Demonspawn Conjurer on Apr 12, 2022.
             Was the Champion of Vehumet.
             Mangled by a frost giant
             ... wielding a +2 battleaxe of freezing
              (25 damage)
             ... on level 3 of the Depths.
             The game lasted 02:41:18 (73332 turns).

McKennaii the Ruinous (Demonspawn Conjurer)        Turns: 73332, Time: 02:41:18

Health: -10/171    AC: 16    Str: 15    XL:     23   Next: 60%
Magic:  0/50       EV: 16    Int: 44    God:    Vehumet [******]
Gold:   2322       SH: 22    Dex: 16    Spells: 27/68 levels left

rFire   . . .      SeeInvis +   Y - staff of conjuration
rCold   + + .      Faith    .   g - +2 kite shield {reflect}
rNeg    . . .      Spirit   +   n - +4 skin of Zhor {*Englaciate rC+++ SInv}
rPois   .          Reflect  +   A - +2 helmet {SInv}
rElec   .          Harm     .   O - +2 cloak {rCorr}
rCorr   +          Rampage  +   Q - +2 pair of gloves {Stlth+}
Will    ++...      Clarity  +   (boots unavailable)
Stlth   +++.......              r - amulet of Hoagher {RegenMP Rampage Drain Will+ Int+8}
HPRegen 0.38/turn               D - ring "Xeumee" {Wiz rC- Int+6}
MPRegen 1.04/turn               w - ring "Apoirph" {Str+6 Int+3 Dex+2}

@: slowed, very slow
A: hooves 3, large bone plates 3, magic shield, magic regeneration, magic link,
demonic magic 3, corrupting presence 1, see invisible, clarity
}: 3/15 runes: decaying, slimy, gossamer
a: Renounce Religion


You were on level 3 of the Depths.
You worshipped Vehumet.
Vehumet was exalted by your worship.
You visited 9 branches of the dungeon, and saw 46 of its levels.
You visited the Abyss 1 time.
You visited 2 bazaars.
You also visited: Ice Cave and Wizlab.

You collected 8593 gold pieces.
You spent 6271 gold pieces at shops.

Inventory:

Hand Weapons
 R - the +7 long sword of Kizuoso {drain, Str+7 Dex+3}
   (You found it on level 3 of the Lair of Beasts)

   A truly terrible weapon, it drains the life of any living foe it strikes.
   Str:       It affects your strength (+7).
   Dex:       It affects your dexterity (+3).
Armour
 g - a +2 kite shield of reflection (worn)
 n - the +4 skin of Zhor (worn) {*Englaciate rC+++ SInv}
   (You found it in an ice cave)

   It radiates cold, occasionally slowing all nearby creatures who are not
   resistant to cold.
   rC:        It renders you almost immune to cold.
   SInv:      It lets you see invisible.
 A - a +2 helmet of see invisible (worn)
 O - a +2 cloak of preservation (worn)
 Q - a +2 pair of gloves of stealth (worn)
Magical Staves
 C - a staff of air
 Y - a staff of conjuration (weapon)
Jewellery
 d - the ring of Vunuim {rPois Slay+2}
   (You took it off a deep elf sorcerer on level 3 of the Elven Halls)

   [ring of poison resistance]

   Slay:      It affects your accuracy & damage with ranged weapons and melee
   (+2).
   rPois:     It protects you from poison.
 p - a ring of flight
 r - the amulet of Hoagher (around neck) {RegenMP Rampage Drain Will+ Int+8}
   (You took it off a deep elf pyromancer on level 3 of the Elven Halls)

   [amulet of magic regeneration]

   It increases your rate of magic regeneration.
   Int:       It affects your intelligence (+8).
   Drain:     It drains your maximum health when unequipped.
   Rampage:   It bestows one free step when moving towards enemies.
   Will:      It increases your willpower.
 w - the ring "Apoirph" (right hand) {Str+6 Int+3 Dex+2}
   (You found it on level 11 of the Dungeon)

   [ring of strength]

   Str:       It affects your strength (+6).
   Int:       It affects your intelligence (+3).
   Dex:       It affects your dexterity (+2).
 D - the ring "Xeumee" (left hand) {Wiz rC- Int+6}
   (You found it on level 5 of the Pits of Slime)

   [ring of wizardry]

   It improves your spell success rate.
   Int:       It affects your intelligence (+6).
   rC:        It makes you vulnerable to cold.
 J - an amulet of faith
 L - the ring "Peusm" {rElec rN+ Will+ SInv}
   (You acquired it on level 3 of the Elven Halls)

   [ring of see invisible]

   rElec:     It insulates you from electricity.
   rN:        It protects you from negative energy.
   SInv:      It lets you see invisible.
   Will:      It increases your willpower.
 Z - a ring of protection from fire
Wands
 s - a wand of digging (36)
 y - a wand of paralysis (18)
 I - a wand of charming (17)
 K - a wand of acid (13)
 M - a wand of iceblast (31)
 N - a wand of flame (56)
 T - a wand of mindburst (21)
 X - a wand of polymorph (55)
Scrolls
 a - 3 scrolls of enchant armour
 b - 11 scrolls of vulnerability
 c - 12 scrolls of immolation
 h - 2 scrolls of summoning
 j - 6 scrolls of silence
 k - 5 scrolls of fear
 l - 7 scrolls of magic mapping
 t - 10 scrolls of teleportation
 B - 11 scrolls of enchant weapon
 G - 2 scrolls of brand weapon
 P - 5 scrolls of amnesia
 S - 12 scrolls of fog
 V - 4 scrolls of blinking
Potions
 e - 4 potions of attraction
 f - 4 potions of resistance
 i - 11 potions of might
 m - 5 potions of invisibility
 o - 9 potions of lignification
 q - 13 potions of curing
 u - 12 potions of ambrosia
 v - 6 potions of magic
 x - 8 potions of mutation
 z - 12 potions of flight
 E - 11 potions of haste
 F - 2 potions of cancellation
 H - 5 potions of brilliance
 U - 2 potions of berserk rage
 W - 16 potions of heal wounds


   Skills:
 - Level 12.0 Fighting
 - Level 6.0 Armour
 - Level 10.0 Dodging
 - Level 1.7 Stealth
 + Level 11.5 Shields
 + Level 23.3 Spellcasting
 + Level 25.3 Conjurations
 + Level 12.8 Air Magic
 - Level 6.0 Earth Magic


You had 27 spell levels left.
You knew the following spells:

 Your Spells              Type           Power      Damage    Failure   Level
a - Magic Dart            Conj           100%       1d8       0%          1
b - Searing Ray           Conj           100%       2d8       0%          2
c - Iskenderun's Mystic   Conj/Tloc      100%       2d19      1%          4
d - Lightning Bolt        Conj/Air       73%        1d98      0%          5
e - Lehudib's Crystal Sp  Conj/Erth      68%        10d15     1%          8
f - Fireball              Conj/Fire      63%        3d24      1%          5
g - Spellforged Servitor  Conj/Summ      63%        N/A       1%          7
h - Chain Lightning       Conj/Air       73%        3d97      3%          9

Your spell library contained the following spells:

 Spells                   Type           Power      Damage    Failure   Level
 Fire Storm               Conj/Fire      63%        8d16      34%         9
 Polar Vortex             Ice            25%        N/A       100%        9
 Foxfire                  Conj/Fire      100%       2x1d9     0%          1
 Shock                    Conj/Air       100%       1d9       0%          1
 Static Discharge         Conj/Air       100%       N/A       0%          2
 Conjure Flame            Conj/Fire      100%       6-21      0%          3
 Dazzling Flash           Conj/Hex       100%       N/A       0%          3
 Mephitic Cloud           Conj/Pois/Air  100%       N/A       0%          3
 Iskenderun's Battlesphe  Conj           100%       2d15      0%          5
 Animate Skeleton         Necr           100%       N/A       1%          1
 Apportation              Tloc           100%       N/A       1%          1
 Freeze                   Ice            100%       1d11      1%          1
 Pain                     Necr           100%       1d9       1%          1
 Sting                    Tmut/Pois      100%       1d8       1%          1
 Summon Small Mammal      Summ           100%       N/A       1%          1
 Blink                    Tloc           100%       N/A       1%          2
 Corpse Rot               Necr/Air       100%       N/A       1%          2
 Poisonous Vapours        Pois/Air       100%       N/A       1%          2
 Frozen Ramparts          Ice            100%       1d12      1%          3
 Ignite Poison            Fire/Tmut/Pois 50%        N/A       1%          3
 Inner Flame              Hex/Fire       50%        N/A       1%          3
 Ozocubu's Armour         Ice            50%        N/A       1%          3
 Portal Projectile        Hex/Tloc       100%       N/A       1%          3
 Teleport Other           Tloc           50%        N/A       1%          3
 Vampiric Draining        Necr           50%        2d9       1%          3
 Airstrike                Air            52%        N/A       1%          4
 Flame Wave               Conj/Fire      100%       2d17      1%          4
 Fulminant Prism          Conj/Hex       63%        3d27      1%          4
 Hailstorm                Conj/Ice       100%       3d20      1%          4
 Olgreb's Toxic Radiance  Pois           50%        N/A       1%          4
 Sticky Flame             Conj/Fire      100%       2d11      1%          4
 Summon Lightning Spire   Summ/Air       82%        N/A       1%          4
 Freezing Cloud           Conj/Ice/Air   64%        6-21      1%          5
 Lee's Rapid Deconstruct  Erth           40%        3d21*     1%          5
 Silence                  Hex/Air        41%        N/A       1%          5
 Iron Shot                Conj/Erth      68%        9d13      1%          6
 Starburst                Conj/Fire      63%        6d17      1%          6
 Cause Fear               Hex            25%        N/A       2%          4
 Dispel Undead            Necr           50%        3d19      2%          4
 Ice Form                 Ice/Tmut       50%        N/A       2%          4
 Passage of Golubria      Tloc           50%        N/A       2%          4
 Summon Ice Beast         Ice/Summ       50%        N/A       2%          4
 Borgnjor's Vile Clutch   Necr/Erth      33%        N/A       2%          5
 Maxwell's Capacitive Co  Air            52%        ∞         3%          8
 Agony                    Necr           50%        N/A       8%          5
 Alistair's Intoxication  Tmut/Pois      33%        N/A       8%          5
 Blade Hands              Tmut           25%        N/A       8%          5
 Excruciating Wounds      Necr           25%        N/A       8%          5
 Summon Forest            Summ/Tloc      25%        N/A       8%          5
 Summon Mana Viper        Hex/Summ       50%        N/A       8%          5
 Eringya's Noxious Bog    Tmut/Pois      25%        N/A       12%         6
 Death Channel            Necr           25%        N/A       38%         6
 Ozocubu's Refrigeration  Ice            25%        4d10      47%         7
 Dragon Form              Tmut           25%        N/A       90%         7
 Enfeeble                 Hex            25%        N/A       90%         7
 Monstrous Menagerie      Summ           25%        N/A       90%         7
 Ignition                 Fire           25%        3d8       96%         8
 Disjunction              Tloc           25%        N/A       100%        8
 Dragon's Call            Summ           25%        N/A       100%        9


Dungeon Overview and Level Annotations

Branches:
Dungeon (15/15)            Temple (0/1) D:6            Lair (6/6) D:11
  Swamp (4/4) Lair:2       Spider (4/4) Lair:2        Slime (5/5) Lair:6
    Orc (2/2) D:10            Elf (3/3) Orc:2        Vaults (4/5) D:13
  Crypt (0/3) Vaults:3     Depths (3/4) D:15          IceCv (visited)
 WizLab (visited)

Altars:
Ashenzari
Cheibriados
Elyvilon
Fedhas
Gozag
Hepliaklqana
Makhleb
Nemelex Xobeh
Okawaru
Sif Muna
Vehumet
Wu Jian
Xom
Zin
The Shining One
Beogh
Jiyva

Shops:
D:4 [   D:12 [   Orc:2 (([!*   Elf:1 [   Elf:2 *   Elf:3 ?   Vaults:1 *
Depths:2 !

Portals:
Hell: Depths:1 Depths:2
Abyss: Depths:2
Pandemonium: Depths:2

Annotations:
Spider:2 1 runed translucent door, Tiukk's ghost, adept TeAE


Innate Abilities, Weirdness & Mutations

You have hooves in place of feet.
You are completely covered in large bone plates. (SH +8)
When hurt, damage is shared between your health and your magic reserves.
You regenerate magic rapidly.
When low on magic, you restore magic in place of health.
Spells you cast and wands you use may paralyse nearby enemies.
Your presence sometimes corrodes those you injure.
You have supernaturally acute eyesight. (SInv)
You possess an exceptional clarity of mind.


Message History

The fire giant is heavily wounded.
The fire giant is knocked back by the mystic blast.
The mystic blast hits the spriggan berserker!!
The spriggan berserker is heavily wounded.
The spriggan berserker is knocked back by the mystic blast.
Malevolent energies surge around you.
You radiate an aura of cold.
The vampire knight is unaffected.
The spark wasp zombie is unaffected.
The living spell resists.
The frost giant is unaffected.
The fire giant resists.
The juggernaut skeleton is unaffected.
The tengu reaver seems to slow down.
The spriggan berserker seems to slow down.
The spriggan air mage resists.
The walking frostbound tome erupts in a flurry of living spells!
The spriggan air mage waves its arms in wide circles.
The air twists around and strikes you!!
* * * LOW HITPOINT WARNING * * *
Unknown command.
Unknown command.
Unknown command.
Blink to where?
Press: ? - help, Dir - move target A deep troll shaman, a vampire knight, a torpor snail, a frost giant, a swamp worm and a water elemental come into view.
The frost giant is wielding a +2 battleaxe of freezing.
As you read the scroll of blinking, it crumbles to dust.
The swamp worm changes into a snapping turtle!
The frost giant points at you and mumbles some strange words.
The bolt of cold hits the frost giant zombie!
The frost giant zombie resists.
The bolt of cold hits you! You resist.
* * * LOW HITPOINT WARNING * * *
The frost giant points at you and mumbles some strange words.
The bolt of cold hits you! You resist.
* * * LOW HITPOINT WARNING * * *
You block the frost giant's attack.
Unknown command.
Unknown command.
The tengu reaver is no longer moving slowly.
The vampire knight points at you and mumbles some strange words.
The vampire knight blinks!
You block the vampire knight's attack. x2
The frost giant hits you with a +2 battleaxe of freezing!!
You die...

.......*...≈≈...###
......C*.Z.≈≈.....##
..)...;Z$..≈≈<.....#
.
.ZT.V...D#.§......##
.
.....C####C.......#
.
u...Z..##.Z....#..#
.
.)...*..#......#..#
. ......ZC......##
)# . .).....@C.....#
# . ≈.......V.....+
. ≈............## .
≈......E......# .
..≈≈≈w..t....## .
.≈≈≈≈......#... .
...≈≈≈≈≈≈.##... .
......≈≈≈.. .. .


You could see 2 frost giants, a purple very ugly thing, 2 fire giants, 2 vampire
knights, a snapping turtle shaped shifter, a torpor snail, a deep troll shaman,
a water elemental, a sphinx zombie, 2 frost giant zombies, a juggernaut skeleton
(corroded) and a living spell (summoned).

Vanquished Creatures
  the Royal Jelly (Slime:5)
  An ancient lich (WizLab)
  Margery (Vaults:2)
  Saint Roka (Vaults:2)
  A caustic shrike (Depths:2)
  Nikola (Swamp:4)
  A bone dragon (Swamp:3)
  2 tentacled monstrosities
  Jorgrun (Swamp:2)
  Mlioglotl (Swamp:3)
  2 liches (Depths:2)
  2 Ice Fiends (IceCv)
  3 walking earthen tomes (Depths:2)
  2 titans (Depths:2)
  2 deep elf master archers (Elf:3)
  2 deep elf blademasters
  27 acid blobs
  An ancient champion (WizLab)
  4 sphinxes
  2 tentacled starspawn (Abyss:3)
  15 azure jellies
  A storm dragon (Depths:2)
  A fenstrider witch (Swamp:3)
  Donald (Swamp:1)
  6 rockslimes
  8 deep elf sorcerers (Elf:3)
  9 emperor scorpions
  3 iron dragons
  6 frost giants (Depths:2)
  2 orc warlords
  11 vault wardens
  6 fire giants
  The ghost of McKennaii the Devastator, a journeyman DsCj of Sif Muna (Swamp:1)
  Aizul (Elf:2)
  17 ironbound preservers
  Louise (Elf:1)
  4 deep elf elementalists (Elf:3)
  3 ghost moths
  A spriggan defender (Depths:2)
  13 quicksilver oozes
  2 broodmothers
  A caustic shrike skeleton (Abyss:3)
  7 ironbound thunderhulks
  11 very ugly things
  A dire elephant (Vaults:3)
  Nessos (D:12)
  3 vampire knights (Depths:2)
  6 stone giants
  12 deep elf annihilators
  8 eleionomae
  6 deep elf demonologists (Elf:3)
  A lorocyproca (Depths:2)
  4 bunyips
  The ghost of Ablot the Slicer, a journeyman GnCK of Xom (D:13)
  4 entropy weavers
  7 spark wasps
  4 ettins
  3 merfolk javelineers
  The ghost of Ruewk the Archer, a journeyman CeAM of Okawaru (Lair:5)
  Snorg (D:12)
  An eidolon (Vaults:3)
  A crystal guardian (Vaults:1)
  3 deep elf death magi
  5 fire dragons
  A rakshasa (Depths:2)
  8 yaktaur captains
  13 great orbs of eyes
  7 deep elf high priests
  Harold (D:7)
  10 ice dragons
  17 hydras
  16 vault guards
  6 catoblepae
  Erolcha (D:9)
  2 ghost crabs
  A peacekeeper (Vaults:1)
  A death knight (Abyss:3)
  8 ironbound frosthearts
  6 boulder beetles
  8 alligators
  22 dancing weapons
  14 centaur warriors
  3 spriggan air magi
  7 death yaks (Lair:6)
  6 two-headed ogres
  A vampire mage (Depths:2)
  7 deep troll earth magi
  3 deep troll shamans
  4 orc high priests
  8 tengu warriors
  Urug (Lair:6)
  Sonja (D:12)
  2 spriggan berserkers
  3 thrashing horrors (Abyss:3)
  A sun demon (Depths:2)
  Nergalle (D:11)
  21 deep elf knights
  12 hell knights
  6 spriggans
  A sea snake (shapeshifter) (Depths:2)
  5 iron trolls
  A sun moth (Spider:2)
  6 goliath frogs
  A sixfirhy (Depths:2)
  7 pharaoh ants
  8 swamp dragons
  16 skeletal warriors
  3 spriggan druids
  An obsidian statue (IceCv)
  52 deep trolls
  A glowing orange brain (Slime:5)
  6 orb spiders
  6 bog bodies
  2 flayed ghosts (Depths:2)
  6 orc knights
  9 steelbarb worms
  2 spectral hydras (Swamp:4)
  13 lindwurms
  14 wizards
  A spriggan simulacrum (IceCv)
  8 necromancers
  28 deep elf zephyrmancers
  20 deep elf archers
  A tengu zombie (Depths:3)
  24 ironbound convokers
  27 deep elf pyromancers
  2 human zombies (Vaults:3)
  38 ugly things
  A tengu skeleton (Vaults:3)
  5 orc sorcerers
  31 wolf spiders
  4 shining eyes
  2 cyclopes (D:12)
  2 will-o-the-wisps (Swamp:4)
  5 moths of wrath
  A stone giant zombie (Vaults:3)
  4 manticores
  6 elephants (Lair:4)
  Maurice (D:9)
  An elf zombie (Vaults:3)
  A stone giant skeleton (Vaults:3)
  12 vault sentinels
  6 black mambas
  2 gargoyles
  5 eyes of devastation
  A torpor snail (shapeshifter) (D:15)
  5 demonic crawlers
  6 torpor snails
  A smoke demon (Depths:2)
  19 cane toads
  A storm dragon simulacrum (Depths:3)
  3 kobold demonologists
  2 rime drakes
  4 ice devils
  4 swamp worm zombies (Swamp:4)
  12 freezing wraiths
  An efreet (D:13)
  9 komodo dragons
  42 yaktaurs
  2 hydra zombies (Swamp:4)
  8 tengu conjurers
  An ancient zyme (Abyss:3)
  3 golden dragon simulacra (IceCv)
  5 bloated husks
  9 meliai
  19 hornets
  A polar bear (Lair:1)
  7 tyrant leeches
  6 trolls
  3 spectral swamp dragons (Swamp:4)
  5 raiju (Abyss:3)
  120 slime creatures
  27 blink frogs
  23 tarantellas
  An ettin zombie (Vaults:3)
  A stone giant simulacrum (Vaults:3)
  39 jumping spiders
  15 culicivoras
  4 air elementals
  A flying skull (Abyss:3)
  2 dire elephant simulacra (IceCv)
  6 water elementals
  3 shadows
  5 alligator zombies (Swamp:4)
  39 yaks
  3 wraiths
  A ynoxinul (Abyss:3)
  4 vampires (WizLab)
  6 wyverns
  20 humans (D:13)
  Eustachio (D:4)
  9 golden eyes
  3 steam dragons
  A fire elemental (D:15)
  4 basilisks
  4 minotaur simulacra (IceCv)
  A small abomination (Abyss:3)
  58 redbacks
  5 two-headed ogre zombies (WizLab)
  8 wargs
  9 vampire mosquitoes
  17 swamp worms
  2 harpy simulacra (IceCv)
  23 water moccasins
  An ogre skeleton (Vaults:3)
  A floating eye (Slime:5)
  3 large abominations (Abyss:3)
  A black bear (shapeshifter) (Depths:1)
  An ice beast (D:5)
  34 orc warriors
  5 swamp drakes
  3 sky beasts
  A hornet zombie (D:7)
  5 swamp dragon zombies (Swamp:4)
  2 necrophages (D:7)
  An ettin simulacrum (IceCv)
  2 black bears (D:11)
  18 wolves
  8 boggarts
  5 ogres
  5 centaurs
  5 phantoms
  10 bullfrogs
  A gnoll sergeant (D:7)
  4 deep troll simulacra (IceCv)
  5 scorpions
  2 earth elementals (Elf:2)
  7 troll zombies (WizLab)
  A lindwurm simulacrum (IceCv)
  5 wights (WizLab)
  9 howler monkeys
  An electric eel (Spider:4)
  A lava snake (D:15)
  4 centaur zombies
  23 orc priests
  3 gnoll shamans
  4 bullfrog skeletons
  2 hounds
  3 centaur skeletons
  2 iron imps (Abyss:3)
  Terence (D:3)
  2 iguanas
  28 orc wizards
  Natasha (thrice) (D:4)
  2 spectral swamp drakes (Swamp:4)
  2 killer bee zombies
  6 ogre zombies (WizLab)
  A hound skeleton (D:5)
  Robin (D:4)
  A howler monkey zombie (D:11)
  10 gnolls
  A howler monkey skeleton (D:7)
  7 adders
  A swamp drake zombie (Swamp:4)
  A shadow imp (D:6)
  An adder skeleton (D:4)
  A worm (D:4)
  3 dart slugs
  109 orcs
  8 endoplasms
  3 giant cockroaches
  12 goblins
  2 hobgoblins (D:4)
  3 jackals (D:3)
  A quokka (D:4)
  14 ball pythons
  7 bats
  4 frilled lizards
  8 kobolds
  A quokka skeleton (D:4)
  7 rats
  A starspawn tentacle (Abyss:3)
1973 creatures vanquished.

Vanquished Creatures (collateral kills)
  An emperor scorpion (Spider:4)
  A spark wasp (Depths:2)
  A phantasmal warrior (Vaults:3)
  An air elemental (Elf:3)
  A water moccasin (shapeshifter) (Elf:3)
5 creatures vanquished.

Vanquished Creatures (others)
  A war gargoyle (Vaults:3)
  A pharaoh ant (Spider:1)
  2 phantasmal warriors (Swamp:4)
  2 bloated husks (Swamp:4)
  A water elemental (Elf:2)
  4 phantoms (Swamp:4)
  8 foxfires (Swamp:4)
  43 fungi
  78 plants
  5 starspawn tentacles (Abyss:3)
145 creatures vanquished.

Grand Total: 2123 creatures vanquished

Notes
Turn   | Place    | Note
-------+----------+-------------------------------------------
     0 | D:1      | McKennaii the Demonspawn Conjurer began the quest for the
                  | Orb.
     0 | D:1      | Reached XP level 1. HP: 13/13 MP: 3/3
   154 | D:1      | Found a faded altar of an unknown god.
   257 | D:1      | Gained mutation: You are partially covered in large bone
                  | plates. (SH +4) [demonic ancestry]
   257 | D:1      | Reached XP level 2. HP: 19/19 MP: 3/5
   752 | D:1      | Learned a level 2 spell: Searing Ray
  1142 | D:2      | Gained mutation: You are mostly covered in large bone
                  | plates. (SH +6) [demonic ancestry]
  1142 | D:2      | Reached XP level 3. HP: 24/24 MP: 0/7
  1514 | D:2      | Gained mutation: Spells you cast may paralyse adjacent
                  | enemies. [demonic ancestry]
  1514 | D:2      | Reached XP level 4. HP: 30/30 MP: 5/8
  1621 | D:2      | Found a hazy altar of Hepliaklqana.
  1847 | D:2      | Reached skill level 5 in Conjurations
  2998 | D:3      | Noticed Terence
  3032 | D:3      | Killed Terence
  3292 | D:3      | Found a snail-covered altar of Cheibriados.
  3300 | D:3      | Reached XP level 5. HP: 35/35 MP: 6/10
  3424 | D:3      | Found a radiant altar of Vehumet.
  3433 | D:3      | Found a broken altar of Ashenzari.
  3515 | D:3      | Became a worshipper of Vehumet
  3543 | D:4      | Noticed a phantom
  3551 | D:4      | Killed a phantom
  3646 | D:4      | Noticed Eustachio
  3737 | D:4      | Killed Eustachio
  3738 | D:4      | Reached skill level 6 in Conjurations
  3738 | D:4      | Gained mutation: Spells you cast may paralyse nearby
                  | enemies. [demonic ancestry]
  3738 | D:4      | Reached XP level 6. HP: 28/41 MP: 5/12
  3860 | D:4      | Learned a level 4 spell: Iskenderun's Mystic Blast
  4121 | D:4      | Noticed Natasha
  4126 | D:4      | Killed Natasha
  4127 | D:4      | Reached skill level 5 in Spellcasting
  4149 | D:4      | Noticed Natasha
  4155 | D:4      | Killed Natasha
  4391 | D:4      | Found Jaitrop's Armour Boutique.
  4409 | D:4      | Reached XP level 7. HP: 46/46 MP: 5/14
  4604 | D:4      | Noticed Robin
  4605 | D:4      | Reached * piety under Vehumet
  4605 | D:4      | Offered knowledge of Freeze by Vehumet.
  4611 | D:4      | Killed Robin
  4821 | D:4      | Noticed Natasha
  4827 | D:4      | Killed Natasha
  5025 | D:5      | Entered Level 5 of the Dungeon
  5047 | D:5      | Reached skill level 7 in Conjurations
  5304 | D:5      | Found an iron altar of Okawaru.
  5519 | D:5      | Found a burning altar of Makhleb.
  6023 | D:6      | Gained mutation: You have large cloven feet. [demonic
                  | ancestry]
  6023 | D:6      | Reached XP level 8. HP: 52/52 MP: 3/17
  6051 | D:6      | Reached ** piety under Vehumet
  6051 | D:6      | Offered knowledge of Poisonous Vapours by Vehumet.
  6178 | D:6      | Reached skill level 8 in Conjurations
  6719 | D:6      | Found an ornate altar of the Wu Jian Council.
  7048 | D:6      | Found a staircase to the Ecumenical Temple.
  7453 | D:7      | Reached skill level 9 in Conjurations
  7602 | D:7      | Noticed Harold
  7615 | D:7      | Killed Harold
  7616 | D:7      | Gained mutation: You are completely covered in large bone
                  | plates. (SH +8) [demonic ancestry]
  7616 | D:7      | Reached XP level 9. HP: 57/57 MP: 4/21
  7750 | D:7      | Reached skill level 10 in Conjurations
  7955 | D:7      | Offered knowledge of Conjure Flame by Vehumet.
  8967 | D:7      | Reached skill level 11 in Conjurations
  8985 | D:7      | Reached *** piety under Vehumet
  8986 | D:7      | Gained mutation: Spells you cast and wands you use may
                  | paralyse nearby enemies. [demonic ancestry]
  8986 | D:7      | Reached XP level 10. HP: 50/63 MP: 11/23
  9557 | D:7      | Reached skill level 1 in Shields
  9766 | D:8      | Offered knowledge of Ignite Poison by Vehumet.
  9862 | D:8      | Reached skill level 10 in Spellcasting
 10666 | D:8      | Found a sparkling altar of Nemelex Xobeh.
 11034 | D:9      | Found an opulent altar of Gozag.
 11107 | D:9      | Found a blossoming altar of Fedhas.
 11203 | D:9      | Noticed a two-headed ogre
 11204 | D:9      | Noticed Erolcha
 11219 | D:9      | Killed Erolcha
 11220 | D:9      | Killed a two-headed ogre
 11221 | D:9      | Reached skill level 12 in Conjurations
 11459 | D:9      | Noticed Maurice
 11471 | D:9      | Killed Maurice
 11982 | D:10     | Entered Level 10 of the Dungeon
 11982 | D:10     | You fall into a shaft and drop 3 floors!
 11988 | D:13     | Noticed a centaur warrior
 12021 | D:12     | Noticed a centaur warrior
 12134 | D:12     | Noticed a skeletal warrior
 12136 | D:12     | Noticed a skeletal warrior
 12136 | D:12     | Killed a centaur warrior
 12137 | D:12     | Reached XP level 11. HP: 68/68 MP: 19/26
 12139 | D:12     | Noticed a skeletal warrior
 12141 | D:12     | Noticed a skeletal warrior
 12589 | D:13     | Noticed a purple ugly thing
 12590 | D:13     | Noticed a centaur warrior
 12600 | D:13     | Killed a purple ugly thing
 12601 | D:13     | Killed a centaur warrior
 12602 | D:13     | Reached skill level 13 in Conjurations
 12830 | D:13     | Noticed Ablot's ghost (journeyman GnCK)
 12840 | D:13     | Found a runed translucent door.
 12849 | D:13     | Killed a centaur warrior
 13037 | D:13     | Reached **** piety under Vehumet
 13484 | D:13     | Noticed a wizard
 13492 | D:13     | Killed a wizard
 13621 | D:13     | Noticed a necromancer
 13625 | D:13     | Killed a necromancer
 13625 | D:13     | Offered knowledge of Irradiate by Vehumet.
 13626 | D:13     | Reached skill level 14 in Conjurations
 13628 | D:13     | Gained mutation: You have hoof-like feet. [demonic
                  | ancestry]
 13628 | D:13     | Reached XP level 12. HP: 74/74 MP: 23/28
 13629 | D:13     | Found a gate to the Vaults.
 13630 | D:13     | Noticed a vault guard
 13639 | D:13     | Killed a vault guard
 13666 | D:13     | Learned a level 5 spell: Lightning Bolt
 13826 | D:13     | Learned a level 8 spell: Lehudib's Crystal Spear
 13942 | D:13     | Noticed a tengu warrior
 13951 | D:13     | Killed a tengu warrior
 14359 | D:12     | Noticed Nessos
 14369 | D:12     | Killed Nessos
 14370 | D:12     | Reached skill level 15 in Conjurations
 14574 | D:12     | Found Muveyteq's Antique Armour Emporium.
 14777 | D:12     | Noticed an eight-headed hydra
 14786 | D:12     | Killed an eight-headed hydra
 14877 | D:12     | Noticed Sonja
 14882 | D:12     | Killed Sonja
 14904 | D:12     | Noticed Snorg
 14922 | D:12     | Killed Snorg
 15210 | D:12     | Noticed a two-headed ogre
 15212 | D:12     | Killed a two-headed ogre
 15637 | D:11     | Noticed a two-headed ogre
 15640 | D:11     | Killed a two-headed ogre
 15930 | D:11     | Noticed a two-headed ogre
 15933 | D:11     | Killed a two-headed ogre
 16065 | D:10     | Reached XP level 13. HP: 79/79 MP: 21/31
 16402 | D:10     | Found a staircase to the Orcish Mines.
 16864 | D:11     | Reached ***** piety under Vehumet
 16864 | D:11     | Offered knowledge of Flame Wave by Vehumet.
 17121 | D:11     | Identified the ring "Apoirph" {Str+6 Int+3 Dex+2}
 17126 | D:11     | Found a staircase to the Lair.
 17134 | D:11     | Reached skill level 16 in Conjurations
 17320 | D:11     | Noticed Nergalle
 17327 | D:11     | Killed Nergalle
 17837 | D:13     | Killed Ablot's ghost
 18339 | Lair:1   | Entered Level 1 of the Lair of Beasts
 18848 | Lair:1   | Reached skill level 15 in Spellcasting
 18996 | Lair:1   | Identified the +4 scale mail "Nuuntita" {rF+ Dex+4}
 19111 | Lair:1   | Reached skill level 1 in Fighting
 19111 | Lair:1   | Reached skill level 1 in Armour
 19936 | Lair:2   | Found a staircase to the Swamp.
 20869 | Lair:2   | Found a hole to the Spider Nest.
 21486 | Lair:3   | Identified the +7 long sword of Kizuoso {drain, Str+7
                  | Dex+3}
 21723 | Lair:3   | Gained mutation: You regenerate magic rapidly. [demonic
                  | ancestry]
 21723 | Lair:3   | Reached XP level 14. HP: 93/93 MP: 19/33
 21724 | Lair:3   | Offered knowledge of Freezing Cloud by Vehumet.
 21752 | Lair:3   | Reached skill level 17 in Conjurations
 23515 | Lair:5   | Noticed Ruewk's ghost (journeyman CeAM)
 23517 | Lair:5   | Found a transporter.
 23533 | Lair:5   | Found a transporter.
 23805 | Lair:5   | Identified a scroll of acquirement
 24449 | Lair:5   | Identified the +5 trident of the Salmon {protect, Fly rElec
                  | rC-}
 24544 | Lair:5   | Reached skill level 5 in Fighting
 24550 | Lair:5   | Killed Ruewk's ghost
 24633 | Lair:6   | Entered Level 6 of the Lair of Beasts
 24674 | Lair:6   | Reached skill level 5 in Armour
 24735 | Lair:6   | Noticed Urug
 24743 | Lair:6   | Killed Urug
 25007 | Lair:6   | Offered knowledge of Iskenderun's Battlesphere by Vehumet.
 25255 | Lair:6   | Acquired 891 gold pieces
 25463 | Lair:6   | Found a viscous altar of Jiyva.
 25463 | Lair:6   | Found a staircase to the Slime Pits.
 25663 | Lair:6   | Reached skill level 1 in Air Magic
 26662 | D:14     | Reached XP level 15. HP: 106/106 MP: 28/35
 27561 | D:15     | Entered Level 15 of the Dungeon
 27575 | D:15     | Found a frozen archway.
 27581 | D:15     | Offered knowledge of Fireball by Vehumet.
 27598 | D:15     | Learned a level 5 spell: Fireball
 27612 | IceCv    | Entered an ice cave
 28084 | IceCv    | Noticed an Ice Fiend
 28232 | IceCv    | Killed an Ice Fiend
 28522 | IceCv    | Noticed an Ice Fiend
 28527 | IceCv    | Killed an Ice Fiend
 28906 | IceCv    | Found the +4 skin of Zhor {*Englaciate rC+++ SInv}
 29302 | D:15     | Reached skill level 18 in Conjurations
 29404 | D:15     | Found a staircase to the Depths.
 29978 | D:15     | Found a snail-covered altar of Cheibriados.
 30315 | D:10     | Reached skill level 5 in Dodging
 30529 | Orc:1    | Entered Level 1 of the Orcish Mines
 30964 | Orc:2    | Entered Level 2 of the Orcish Mines
 31097 | Orc:2    | Offered knowledge of Orb of Destruction by Vehumet.
 31732 | Orc:2    | Found Tirevvat's Distillery.
 31768 | Orc:2    | Bought a potion of heal wounds for 70 gold pieces
 31768 | Orc:2    | Bought a potion of heal wounds for 70 gold pieces
 31768 | Orc:2    | Bought a potion of heal wounds for 70 gold pieces
 31768 | Orc:2    | Bought a potion of heal wounds for 70 gold pieces
 31768 | Orc:2    | Bought a potion of degeneration for 14 gold pieces
 31769 | Orc:2    | Bought a potion of invisibility for 112 gold pieces
 31835 | Orc:2    | Found a staircase to the Elven Halls.
 31918 | Orc:2    | Noticed an orc warlord
 31923 | Orc:2    | Killed an orc warlord
 31929 | Orc:2    | Reached skill level 5 in Air Magic
 31979 | Orc:2    | Offered knowledge of Yara's Violent Unravelling by Vehumet.
 32214 | Orc:2    | Found Systuerr's Antique Weapon Boutique.
 32222 | Orc:2    | Found Xuginkak's Antique Armour Shop.
 32366 | Orc:2    | Found Zufih's Weapon Emporium.
 32537 | Orc:2    | Found Junn's Assorted Antiques.
 32542 | Orc:2    | Bought a green potion for 17 gold pieces
 32542 | Orc:2    | Bought a potion of invisibility for 152 gold pieces
 32661 | Orc:1    | Paralysed by an orc sorcerer for 2 turns
 32665 | Orc:1    | Paralysed by an orc sorcerer for 3 turns
 32667 | Orc:1    | Gained mutation: You tend to lose your temper in combat. [a
                  | neqoxec]
 32963 | Orc:1    | You fall into a shaft and drop 1 floor!
 33219 | Swamp:1  | Entered Level 1 of the Swamp
 33249 | Swamp:1  | Noticed McKennaii's ghost (journeyman DsCj)
 33552 | Swamp:1  | Gained mutation: You have hooves in place of feet. [demonic
                  | ancestry]
 33552 | Swamp:1  | Reached XP level 16. HP: 112/117 MP: 26/36
 33822 | Swamp:1  | Found a transporter.
 33839 | Swamp:1  | Found a transporter.
 34230 | Swamp:1  | Killed McKennaii's ghost
 34238 | Swamp:1  | Identified the ring "Hoyracwe" {EV+4 Int+2}
 34371 | Swamp:2  | Noticed Donald
 34464 | Swamp:1  | Killed Donald
 34631 | Swamp:2  | Noticed Jorgrun
 34637 | Swamp:2  | Killed Jorgrun
 34874 | Swamp:2  | Reached skill level 19 in Conjurations
 35401 | Swamp:3  | Noticed Mlioglotl
 35463 | Swamp:3  | Paralysed by a fenstrider witch for 3 turns
 35702 | Swamp:3  | Offered knowledge of Spellforged Servitor by Vehumet.
 36254 | Swamp:3  | Killed Mlioglotl
 36765 | Swamp:4  | Entered Level 4 of the Swamp
 36768 | Swamp:4  | Noticed Nikola
 37478 | Swamp:4  | Killed Nikola
 37812 | Swamp:4  | Noticed a bone dragon
 37907 | Swamp:4  | Noticed a tentacled monstrosity
 38061 | Swamp:4  | Reached XP level 17. HP: 126/126 MP: 22/38
 38248 | Swamp:4  | Killed a tentacled monstrosity
 38830 | Swamp:3  | Killed a bone dragon
 39226 | Swamp:4  | Learned a level 7 spell: Spellforged Servitor
 39358 | Swamp:4  | Got a decaying rune of Zot
 39693 | Spider:1 | Entered Level 1 of the Spider Nest
 39710 | Spider:1 | Reached skill level 10 in Fighting
 40683 | Spider:1 | Identified the +5 hand axe "Qalukys" {vorpal, rPois Dex+3}
 40750 | Spider:1 | Reached ****** piety under Vehumet
 40907 | Spider:2 | Offered knowledge of Fire Storm by Vehumet.
 40907 | Spider:2 | Offered knowledge of Chain Lightning by Vehumet.
 40907 | Spider:2 | Offered knowledge of Polar Vortex by Vehumet.
 40921 | Spider:1 | Learned a level 9 spell: Chain Lightning
 41052 | Spider:2 | Reached skill level 20 in Conjurations
 42688 | Spider:2 | Found a runed translucent door.
 42690 | Spider:2 | Found a shimmering altar of Xom.
 42692 | Spider:2 | Noticed Tiukk's ghost (adept TeAE)
 43340 | Spider:3 | Found a transporter.
 43340 | Spider:3 | Found a transporter.
 43790 | Spider:3 | Reached XP level 18. HP: 138/138 MP: 12/40
 44124 | Spider:4 | Entered Level 4 of the Spider Nest
 44824 | Spider:4 | Identified the +8 long sword of Fuce Muz {vorpal, *Rage
                  | Int+6 Dex+3}
 45099 | Spider:4 | Got a gossamer rune of Zot
 45662 | Depths:1 | Entered Level 1 of the Depths
 45708 | Depths:1 | Reached skill level 10 in Dodging
 46133 | Depths:1 | Found a broken altar of Ashenzari.
 46251 | Depths:1 | Found a flickering gateway to a bazaar.
 46270 | Bazaar   | Entered a bazaar
 46270 | Bazaar   | Found Bankon's Assorted Antiques.
 46270 | Bazaar   | Found Secastre's Antique Armour Shoppe.
 46270 | Bazaar   | Found Guaffal's Assorted Antiques.
 46272 | Bazaar   | Found Pumpoqil's Magic Scroll Shoppe.
 46280 | Bazaar   | Bought a scroll of blinking for 97 gold pieces
 46331 | Bazaar   | Bought a potion of curing for 123 gold pieces
 46331 | Bazaar   | Bought a potion of heal wounds for 205 gold pieces
 46331 | Bazaar   | Bought a potion of heal wounds for 205 gold pieces
 46331 | Bazaar   | Bought 2 scrolls of teleportation for 246 gold pieces
 46331 | Bazaar   | Bought a scroll of magic mapping for 143 gold pieces
 46331 | Bazaar   | Bought a scroll of magic mapping for 143 gold pieces
 46340 | Bazaar   | Bought a potion of magic for 192 gold pieces
 46340 | Bazaar   | Bought a scroll of identify for 48 gold pieces
 46341 | Bazaar   | Bought a shiny kite shield for 180 gold pieces
 46341 | Bazaar   | Bought a potion of ambrosia for 192 gold pieces
 46341 | Bazaar   | Bought a potion of flight for 72 gold pieces
 46341 | Bazaar   | Bought a scroll of summoning for 228 gold pieces
 46341 | Bazaar   | Bought a potion of mutation for 192 gold pieces
 46341 | Bazaar   | Bought a wand of mindburst (7) for 96 gold pieces
 46341 | Bazaar   | Bought a scroll of amnesia for 84 gold pieces
 46348 | Bazaar   | Bought a scroll of fog for 26 gold pieces
 46348 | Bazaar   | Bought a scroll of enchant armour for 97 gold pieces
 46356 | Bazaar   | Bought a scroll of immolation for 143 gold pieces
 46767 | Depths:1 | Found a gateway to Hell.
 47701 | Vaults:1 | Entered Level 1 of the Vaults
 47808 | Vaults:1 | Reached skill level 21 in Conjurations
 47941 | Vaults:1 | Gained mutation: Your presence sometimes corrodes those you
                  | injure. [demonic ancestry]
 47941 | Vaults:1 | Reached XP level 19. HP: 146/146 MP: 38/42
 48357 | Vaults:1 | Reached skill level 1 in Earth Magic
 49279 | Vaults:1 | Found Egodd's Assorted Antiques.
 49374 | Vaults:2 | Noticed Margery
 49746 | Vaults:2 | Noticed Saint Roka
 49754 | Vaults:2 | Killed Saint Roka
 49940 | Vaults:2 | Found a magical portal.
 49950 | WizLab   | Entered Zonguldrok's Shrine
 50171 | WizLab   | Found the +9 sword of Zonguldrok {reap}
 50482 | WizLab   | Noticed an antique lich
 50486 | WizLab   | Killed an antique lich
 50706 | Vaults:2 | Killed Margery
 51171 | Vaults:2 | Reached skill level 10 in Air Magic
 51253 | Vaults:2 | Reached skill level 5 in Earth Magic
 51980 | Vaults:2 | Cast into level 3 of the Abyss (a wizard)
 52194 | Vaults:2 | Escaped the Abyss
 52499 | Vaults:2 | Gained mutation: When hurt, damage is shared between your
                  | health and your magic reserves. [demonic ancestry]
 52499 | Vaults:2 | Reached XP level 20. HP: 153/153 MP: 20/44
 53540 | Vaults:3 | Reached skill level 22 in Conjurations
 55017 | Vaults:3 | Found a staircase to the Crypt.
 56154 | Vaults:4 | Found a flickering gateway to a bazaar.
 56172 | Bazaar   | Entered a bazaar
 56172 | Bazaar   | Found Faunext's Book Boutique.
 56172 | Bazaar   | Found Muixom's Weapon Boutique.
 56246 | Bazaar   | Bought the Reference Book on Displacement and Confrontation
                  | for 432 gold pieces
 56246 | Bazaar   | Bought a book of the Dragon for 414 gold pieces
 56256 | Bazaar   | Found Luiv's Distillery.
 56264 | Bazaar   | Bought a potion of heal wounds for 55 gold pieces
 56264 | Bazaar   | Bought a potion of heal wounds for 55 gold pieces
 56264 | Bazaar   | Bought a potion of haste for 110 gold pieces
 56264 | Bazaar   | Bought 2 potions of mutation for 176 gold pieces
 56264 | Bazaar   | Bought a potion of mutation for 88 gold pieces
 56305 | Bazaar   | Found Waff's Book Boutique.
 56336 | Bazaar   | Bought a book of Fire for 792 gold pieces
 57203 | Vaults:4 | Reached XP level 21. HP: 159/159 MP: 33/46
 58425 | Elf:1    | Entered Level 1 of the Elven Halls
 58484 | Elf:1    | Noticed Louise
 58495 | Elf:1    | Killed Louise
 58539 | Elf:1    | Reached skill level 23 in Conjurations
 59152 | Elf:1    | Identified the +0 short sword of the Undead {antimagic,
                  | rPois rF- SInv}
 59411 | Elf:1    | Found a runed translucent gate.
 59411 | Elf:1    | Found a runed translucent gate.
 59411 | Elf:1    | Found a runed translucent gate.
 59411 | Elf:1    | Found a runed translucent gate.
 59411 | Elf:1    | Found a runed translucent gate.
 59412 | Elf:1    | Found a runed translucent gate.
 60485 | Elf:1    | Found Fomneer's Armour Boutique.
 61143 | Elf:2    | Noticed Aizul
 61146 | Elf:2    | Killed Aizul
 61231 | Elf:2    | Paralysed by an air elemental for 1 turns
 61235 | Elf:2    | Reached skill level 5 in Shields
 61379 | Elf:2    | Found Ivvaki's Assorted Antiques.
 61380 | Elf:2    | Paralysed by an air elemental for 1 turns
 61437 | Elf:2    | Bought a potion of heal wounds for 190 gold pieces
 61744 | Elf:2    | Found a shimmering blue altar of Sif Muna.
 61808 | Elf:2    | Found a runed translucent gate.
 61808 | Elf:2    | Found a runed translucent gate.
 61811 | Elf:2    | Found a runed translucent gate.
 62740 | Elf:3    | Entered Level 3 of the Elven Halls
 62992 | Elf:3    | Identified the amulet of Hoagher {RegenMP Rampage Drain
                  | Will+ Int+8}
 62997 | Elf:3    | Identified the ring "Jic Sem" {MP+9 Slay+3}
 63016 | Elf:3    | Paralysed by an air elemental for 1 turns
 63021 | Elf:3    | Paralysed by an air elemental for 1 turns
 63601 | Elf:3    | Gained mutation: When low on magic, you restore magic in
                  | place of health. [demonic ancestry]
 63601 | Elf:3    | Reached XP level 22. HP: 165/165 MP: 43/48
 63869 | Elf:3    | Found Hecewnoa's Magic Scroll Emporium.
 63876 | Elf:3    | Bought a scroll of teleportation for 48 gold pieces
 64137 | Elf:3    | Identified the ring of Obsession {Wiz Drain rC+ Slay+2}
 64294 | Elf:3    | Identified the ring of Vunuim {rPois Slay+2}
 64298 | Elf:3    | Reached skill level 24 in Conjurations
 64445 | Elf:3    | Identified the +4 quarterstaff of the Ancient Seas {vorpal,
                  | rPois Dex+6}
 64445 | Elf:3    | Identified the ring of Geakah {EV+4 Int+2}
 64912 | Elf:3    | Acquired the ring "Peusm" {rElec rN+ Will+ SInv}
 65000 | Elf:3    | Identified the ring of Cituyqut {rN+ EV+4}
 65002 | Elf:3    | Identified the +0 ring mail "Ysusa" {rF- rCorr Str+10
                  | Stlth+}
 65160 | Elf:3    | Got Teokaoz's Intricacies of Wizardry
 65574 | Slime:1  | Entered Level 1 of the Pits of Slime
 66921 | Slime:2  | Gained mutation: You are frail. (-10% HP) [a shining eye]
 67977 | Slime:5  | Entered Level 5 of the Pits of Slime
 67997 | Slime:5  | Noticed the Royal Jelly
 68341 | Slime:5  | Paralysed by a great orb of eyes for 5 turns
 68350 | Slime:5  | Killed the Royal Jelly
 68727 | Slime:5  | Reached skill level 10 in Shields
 69112 | Slime:5  | Identified the +6 long sword of Yredelemnul's Hope {drain,
                  | rN+ Str-5 Dex+5}
 69120 | Slime:5  | Got the Incunabulum of Displacement
 69137 | Slime:5  | Found the +7 mace of Variability {chain chaos}
 69181 | Slime:5  | Identified the +4 scimitar of Balance {freeze, +Blink
                  | Will++ Dex-4 SInv}
 69194 | Slime:5  | Identified the ring "Xeumee" {Wiz rC- Int+6}
 69210 | Slime:5  | Identified the +7 arbalest of Teono {penet, Fragile rElec
                  | rF+}
 69212 | Slime:5  | Got a slimy rune of Zot
 70287 | Depths:1 | Lost mutation: You tend to lose your temper in combat.
                  | [potion of mutation]
 70287 | Depths:1 | Lost mutation: You are frail. (-10% HP) [potion of
                  | mutation]
 70287 | Depths:1 | Gained mutation: Your flesh is heat resistant. (rF+)
                  | [potion of mutation]
 70287 | Depths:1 | Gained mutation: You sometimes lose the ability to read
                  | scrolls when taking damage. [potion of mutation]
 70332 | Depths:1 | Lost mutation: You sometimes lose the ability to read
                  | scrolls when taking damage. [potion of mutation]
 70332 | Depths:1 | Lost mutation: Your flesh is heat resistant. (rF+) [potion
                  | of mutation]
 70332 | Depths:1 | Gained mutation: You are weak. (Str -2) [potion of
                  | mutation]
 70332 | Depths:1 | Gained mutation: You are very weak. (Str -4) [potion of
                  | mutation]
 70332 | Depths:1 | Gained mutation: Your magical capacity is low. (-10% MP)
                  | [potion of mutation]
 70333 | Depths:1 | Lost mutation: You are very weak. (Str -4) [potion of
                  | mutation]
 70333 | Depths:1 | Lost mutation: Your magical capacity is low. (-10% MP)
                  | [potion of mutation]
 70333 | Depths:1 | Lost mutation: You are weak. (Str -2) [potion of mutation]
 70333 | Depths:1 | Gained mutation: You are weak. (Str -2) [potion of
                  | mutation]
 70333 | Depths:1 | Gained mutation: You tend to lose your temper in combat.
                  | [potion of mutation]
 70333 | Depths:1 | Gained mutation: Your mind is acute. (Int +2) [potion of
                  | mutation]
 70334 | Depths:1 | Lost mutation: You tend to lose your temper in combat.
                  | [potion of mutation]
 70334 | Depths:1 | Lost mutation: Your mind is acute. (Int +2) [potion of
                  | mutation]
 70334 | Depths:1 | Lost mutation: You are weak. (Str -2) [potion of mutation]
 70334 | Depths:1 | Gained mutation: You possess an exceptional clarity of
                  | mind. [potion of mutation]
 70334 | Depths:1 | Gained mutation: You have supernaturally acute eyesight.
                  | (SInv) [potion of mutation]
 70337 | Depths:2 | Found Esucvoerph's Distillery.
 70342 | Depths:2 | Reached XP level 23. HP: 171/171 MP: 42/49
 70593 | Depths:2 | Bought a potion of curing for 36 gold pieces
 70593 | Depths:2 | Bought a potion of curing for 36 gold pieces
 70593 | Depths:2 | Bought a potion of flight for 36 gold pieces
 70593 | Depths:2 | Bought 2 potions of haste for 240 gold pieces
 70593 | Depths:2 | Bought a potion of flight for 36 gold pieces
 70593 | Depths:2 | Bought a potion of brilliance for 48 gold pieces
 70593 | Depths:2 | Bought a potion of mutation for 96 gold pieces
 70593 | Depths:2 | Bought a potion of mutation for 96 gold pieces
 70699 | Depths:2 | Reached skill level 25 in Conjurations
 70793 | Depths:2 | Found a one-way gate to the infinite horrors of the Abyss.
 71057 | Depths:2 | Noticed a caustic shrike
 71059 | Depths:2 | Killed a caustic shrike
 71350 | Depths:2 | Identified the ring of Darkness {Fire Drain rCorr Int+3}
 72140 | Depths:2 | Found a shimmering blue altar of Sif Muna.
 72609 | Depths:2 | Found a one-way gate leading to the halls of Pandemonium.
 73094 | Depths:2 | Identified the +6 broad axe of Karma {antimagic, rElec
                  | Will+ Str+4 SInv}
 73332 | Depths:3 | Mangled by a frost giant

Illustrated notes

Levels and vault maps discovered:
D:1:      erik_arrival_triangle_large, layout_rooms,
          hellmonk_ecumenical_altar_arch_garden, minmay_hexomino_f4
D:2:      layout_basic, basic_altar, nrook_mini_backslash,
          minmay_misc_feat_hallway, minmay_snake_closets
D:3:      layout_loops_corners, mainiacjoe_overflow_alcove_2,
          mainiacjoe_overflow_swirl, uniq_terence
D:4:      layout_loops_cross, serial_shops, shop, uniq_natasha, uniq_robin,
          uniq_eustachio
D:5:      layout_loops_cross, bloody_makhleb, amcnicky_altar_gilded
D:6:      layout_loops_ring, good_gods_mini_temple,
          mainiacjoe_overflow_alcove_1, minmay_temple_entry_offerings,
          hangedman_decor_diamond_cutter, corexii_leaking_fountain,
          minmay_misc_feat_secret_circle
D:7:      nzn_winding_woodlands_medium [nzn_winding_woodlands_5x5_default,
          nzn_winding_woodlands_5x15_concentric,
          nzn_winding_woodlands_5x5_default, nzn_winding_woodlands_5x5_default,
          nzn_winding_woodlands_center_garden,
          nzn_winding_woodlands_5x5_closed_star,
          nzn_winding_woodlands_5x5_perimeter,
          nzn_winding_woodlands_5x15_jagged, nzn_winding_woodlands_5x5_three],
          layout_loops_ring, serial_co_window_serial, co_window_paths_b,
          co_window_cross_1, co_window_paths_a, co_window_of_opportunity_a,
          co_window_corner_a, co_window_corner_a, co_window_paths_a,
          co_window_paths_a, co_window_paths_b, co_window_broadway_c,
          co_window_paths_c, co_window_unsneaky_path_e, glass_columns_c,
          glass_columns_b, glass_columns_b, chequers_arboretum,
          lightli_orcish_oven, uniq_harold
D:8:      layout_loops_ring, mainiacjoe_overflow_24_doors,
          minmay_misc_feat_nine_boxes
D:9:      layout_roguey, mainiacjoe_overflow_chevrons, fedhas_altar_fruit_tree,
          uniq_erolcha, uniq_maurice
D:10:     layout_gridville, orc_0_dummy
D:11:     layout_loops_corners, minmay_lair_entry_grove, uniq_nergalle
D:12:     layout_loops_ring, serial_shops, kennysheep_little_box,
          chequers_serial_rivers_micro_c, uniq_nessos, uniq_snorg, uniq_sonja
D:13:     layout_basic, grunt_vaults_entry_tiered,
          hellmonk_ghost_happy_afterlife
D:14:     layout_loops_ring, nicolae_twisting_strands
D:15:     grunt_enter_depths_hoard, layout_long_grid, kennysheep_pointless_box,
          portal_ice_cave_entry_frozen_things, kennysheep_slug_shrine
Lair:1:   layout_cave_shapes, nicolae_lair_run_with_the_wolves,
          serial_bayou_shore_b, lemuel_fruit_fields
Lair:2:   layout_chaotic_city, minmay_swamp_entry_swarm,
          nicolae_spider_entry_tight_spaces, st_stairs_10, beast_lair_carwin_4
Lair:3:   layout_cave_pods, grunt_megastairs_5
Lair:4:   layout_small_grid
Lair:5:   layout_cave_pods, gammafunk_ghost_arena, serial_bayou_shore_b,
          infiniplex_staircase_pool_2
Lair:6:   evilmike_catoblepas_cave, layout_long_grid,
          dpeg_slime_entry_enclosed_altar, uniq_urug
Swamp:1:  layout_basic_swamp, gammafunk_ghost_berserking_beasts,
          serial_swamp_ruin, evilmike_swamp_ruin_rubble_1,
          hangedman_swamp_ruin_wall, evilmike_swamp_ruin_house_2
Swamp:2:  layout_basic_swamp, evilmike_swamp_ruin_house_4, uniq_jorgrun,
          uniq_donald
Swamp:3:  layout_falls_marsh, evilmike_swamp_ruin_house_5, uniq_mlioglotl
Swamp:4:  swamp_pestilence, layout_basic_swamp, swamp_pool1, uniq_nikola
Spider:1: spiders_nest_scorpion_pit
Spider:2: nicolae_spider_hilbert_zone_4 [nicolae_spider_hilbert_4_sides_2_open,
          nicolae_spider_hilbert_4_sides_1_open,
          nicolae_spider_hilbert_4_sides_1_open,
          nicolae_spider_hilbert_4_sides_1_open,
          nicolae_spider_hilbert_4_sides_1_open,
          nicolae_spider_hilbert_2_sides_1_open,
          nicolae_spider_hilbert_2_sides_1_open,
          nicolae_spider_hilbert_2_sides_1_open,
          nicolae_spider_hilbert_2_sides_1_open,
          nicolae_spider_hilbert_6_sides_1_open,
          nicolae_spider_hilbert_6_sides_1_open,
          nicolae_spider_hilbert_3_sides_1_open,
          nicolae_spider_hilbert_3_sides_1_open], ebering_ghost_xom,
          guppyfry_hornet_nest
Spider:3: gammafunk_boulding_lane
Spider:4: grunt_spider_rune_circles, nicolae_spider_checkerboard
Slime:1:  cheibrodos_slime_lost_civilization_3, layout_caves
Slime:2:  layout_caves
Slime:3:  layout_caves
Slime:4:  cheibrodos_slime_lost_civilization_1, layout_caves
Slime:5
Orc:1:    layout_caves
Orc:2:    grunt_orc_community_town_hall, layout_diamond_mine,
          grunt_orc_community_big_house_2, grunt_orc_community_big_house_2,
          grunt_orc_community_house_3, grunt_orc_community_house_1,
          grunt_orc_community_house_1, grunt_orc_community_house_3,
          grunt_orc_community_house_3, grunt_orc_community_house_1,
          serial_shops, shop_statue, basic_altar
Elf:1:    nicolae_elf_arrival_fired_up, layout_gridlike, serial_shops,
          nicolae_shop_trees, orc_legates, grunt_megastairs_1, uniq_louise
Elf:2:    elven_hall_of_blades_hangedman_original
          [nicolae_blade_entry_floor_patterns], layout_rooms, serial_shops,
          nicolae_shop_advertising_works [nicolae_subvault_shop_adworks],
          basic_altar, minmay_strange_pillars, uniq_aizul
Elf:3:    minmay_elf_hall_x, layout_geoelf_castle, serial_shops,
          nicolae_shop_hallway_plus
Vaults:1: v_rooms_3, vaults_dpeg_encased_lava, v_misc_26,
          nicolae_vaults_little_squares_2, ontoclasm_vaults_shuriken, v_misc_32,
          hangedman_vaults_slither, grunt_vaults_hallway_short,
          nicolae_vaults_little_squares_3, nicolae_vaults_network_quinsquares
          [nicolae_vaults_network_quincunx_subvault,
          nicolae_vaults_network_quincunx_subvault,
          nicolae_vaults_network_quincunx_subvault,
          nicolae_vaults_network_quincunx_subvault], layout_vaults_maze_snakey,
          serial_shops, nicolae_shop_window_shopping
Vaults:2: infiniplex_enter_wizlab_glasses, hangedman_vaults_hard_town_square,
          v_rooms_1, v_misc_19, vaults_dpeg_doors, hangedman_vaults_maws,
          grunt_vaults_diagonal, vaults_mumra_hex,
          nicolae_vaults_network_square, nicolae_vaults_inception_statues,
          nicolae_vaults_network_star, hangedman_vaults_maws,
          ontoclasm_vaults_twist, layout_vaults_omnibox, uniq_saint_roka,
          uniq_margery
Vaults:3: minmay_crypt_entry_simple_corners, hangedman_vaults_snaps,
          vaults_mumra_minichess, v_misc_5, vaults_room_corners,
          nicolae_vaults_network_periphery, layout_vaults_omnigrid
Vaults:4: nicolae_vaults_little_squares_5, ontoclasm_vaults_hangar,
          nicolae_vaults_asterisk, v_pattern_5, v_misc_4, v_rooms_2,
          ontoclasm_vaults_eye, ontoclasm_vaults_chip,
          nicolae_vaults_mini_display_case, vaults_room_pool,
          layout_vaults_chaotic_city, serial_shops, bzr_entry_road
Depths:1: layout_honeycomb, serial_shops, bzr_entry_water, grunt_metal_band,
          cheibrodos_ashenzari_chains, st_stairs_9,
          minmay_fractal_squares_gapless_7
Depths:2: little_maze_vault, layout_basic, rand_demon_pan_entry_9, serial_shops,
          shop, grunt_hell_entry_dis_old, nicolae_sif_muna_condensation,
          abyss_entry, infiniplex_staircase_pillars_3a, serial_bayou_shore_a
Depths:3: kennysheep_bubbly, layout_cave_pools, enter_ziggurat_b,
          abyss_entry_small_statue_room, kennysheep_nub, hell_entry

Skill      XL: |  1  2  3  4  5  6  7  8  9 10 11 12 13 14 15 16 17 18 19 20 21 22 23 |
---------------+----------------------------------------------------------------------+-----
Spellcasting   | 3 4 5 6 8 9 11 12 14 15 16 17 18 19 20 21 22 23 | 23.3
Conjurations   | 5 6 7 9 11 12 14 15 16 17 18 19 20 21 22 23 24 25 | 25.3
Shields        | 4 7 10 11 | 11.5
Fighting       | 3 6 8 9 11 12 | 12.0
Armour         | 3 6 |  6.0
Dodging        | 3 6 7 9 10 | 10.0
Air Magic      | 2 5 6 8 10 12 | 12.8
Earth Magic    | 5 6 |  6.0
Stealth        | |  1.7

Action                   |  1- 3 |  4- 6 |  7- 9 | 10-12 | 13-15 | 16-18 | 19-21 | 22-24 || total
-------------------------+-------+-------+-------+-------+-------+-------+-------+-------++-------
Melee: Staff             |     1 |    15 |    41 |    27 |   110 |    17 |    16 |     2 ||   229
       Kick              |       |       |    16 |    11 |    44 |    14 |     6 |     1 ||    92
       Long sword        |       |       |       |       |    11 |    13 |       |       ||    24
 Cast: Magic Dart        |    57 |    98 |   254 |   204 |   498 |     1 |     1 |       ||  1113
       Searing Ray       |       |    10 |    31 |    34 |     6 |       |       |       ||    81
       Iskenderun's Myst |       |       |     1 |    74 |   169 |   213 |   211 |    95 ||   763
       Lightning Bolt    |       |       |       |    32 |   300 |   620 |   783 |   435 ||  2170
       Fireball          |       |       |       |       |    66 |    53 |    55 |    13 ||   187
       Spellforged Servi |       |       |       |       |       |     1 |     1 |     2 ||     4
       Lehudib's Crystal |       |       |       |       |       |       |    10 |       ||    10
       Chain Lightning   |       |       |       |       |       |       |       |     4 ||     4
Evoke: Wand              |       |       |       |     3 |     9 |       |     4 |       ||    16
  Use: Scroll            |       |       |       |     7 |    19 |    12 |    10 |     5 ||    53
       Potion            |       |       |       |     1 |     4 |     3 |     3 |     4 ||    15
 Stab: Paralysed         |       |     2 |    11 |     1 |    29 |       |     1 |       ||    44
Armor: Robe              |     1 |     2 |     8 |       |     4 |       |       |       ||    15
       Steam dragon scal |       |       |     7 |    32 |    41 |       |       |       ||    80
       Animal skin       |       |       |       |       |     8 |    77 |    48 |    26 ||   159
Dodge: Dodged            |     4 |    27 |    38 |    20 |    61 |   128 |   103 |    50 ||   431
Block: Other             |     5 |    23 |    61 |    10 |       |       |       |       ||    99
       Reflection        |       |       |     6 |    15 |     5 |     6 |    65 |     3 ||   100
       Buckler           |       |       |       |    52 |   196 |   208 |   160 |    48 ||   664
       Kite shield       |       |       |       |       |       |       |       |    16 ||    16
